Cogmind - Beta 13 @@@ ROGUE MODE // 2024.04.12 @ 16:42:38 Player: Nachzehrer Result: Destroyed by G-47 Trooper with Particle Gun Performance ------------- Evolutions (0) 0 Regions Visited (1) 200 Robots Destroyed (3) 15 Value Destroyed (102) 102 Prototype IDs (0) 0 Alien Tech Used (0) 0 Bonus (0) 0 TOTAL SCORE: 317 Bonus ------- None Cogmind --------- Core Integrity 0/250 Matter 227/300 Energy 100/100 System Corruption 0% Temperature Cool (15) Movement Rolling (100) Location -10/Materials Parts ------- > --- POWER (1) -------- (None) > --- PROPULSION (2) --- Compact Wheel > --- UTILITY (2) ------ Small Storage Unit > --- WEAPON (2) ------- (None) > --- INVENTORY (8) ---- Light Ion Engine Light Treads Wheel Peak State ------------ > --- POWER ------------ Light Ion Engine > --- PROPULSION ------- Aluminum Leg Wheel > --- UTILITY ---------- Small Storage Unit > --- WEAPON ----------- Small Laser Assault Rifle > --- INVENTORY -------- Light Ion Engine Light Treads Compact Wheel Assault Rifle [Rating: 6] Favorites ----------- Power Light Ion Engine Engine Light Ion Engine Propulsion Aluminum Leg Leg Aluminum Leg Wheel Compact Wheel Utility Small Storage Unit Storage Small Storage Unit Weapon Assault Rifle Energy Gun Small Laser Ballistic Gun Assault Rifle Build | -11 -10 ------- Run | Yrd Mat Slots Evolved . | . . Power . | . . Propulsion . | . . Utility . | . . Weapon . | . . Parts Attached 10 | 8 2 Power 1 | 1 . Engine 1 | 1 . Core . | . . Reactor . | . . Propulsion 5 | 4 1 Treads . | . . Leg 2 | 2 . Wheel 3 | 2 1 Hover . | . . Flight . | . . Utility 1 | 1 . Device . | . . Storage 1 | 1 . Processor . | . . Hackware . | . . Protection . | . . Artifact . | . . Weapon 3 | 2 1 Energy Gun 1 | 1 . Energy Cannon . | . . Ballistic Gun 2 | 1 1 Ballistic Cannon . | . . Launcher . | . . Special Weapon . | . . Impact Weapon . | . . Slashing Weapon . | . . Piercing Weapon . | . . Special Melee Weapon . | . . Unidentified Prototypes . | . . Parts Lost 6 | . 6 Power 1 | . 1 Propulsion 2 | . 2 Utility . | . . Weapon 3 | . 3 Highest Loss Streak 6 | . 6 To Critical Strikes . | . . Average Slot Usage (%) 72 | . 72 Engine 9 | . 9 Leg 21 | . 21 Wheel 2 | . 2 Storage 14 | . 14 Energy Gun 11 | . 11 Ballistic Gun 12 | . 12 Naked Turns . | . . Heaviest Build 11 | 11 11 Greatest Support 20 | 20 20 Greatest Overweight (x) 1 | 1 . Average Overweight (x) . | . . Largest Inventory Capacity 8 | 8 8 Average Capacity 7 | 6 8 Most Carried 5 | 5 5 Average Carried 4 | 4 4 Final Capacity 8 | 8 8 Final Carried 5 | 5 3 Class Distribution -------------------- 100% | Mutant Dominant Class ---------------- Mutant | -10/Materials Resources | -11 -10 ----------- Run | Yrd Mat Matter Collected 242 | 242 . Remotely . | . . Salvage Created 116 | . 116 Parts 7 | . 7 Haulers Intercepted . | . . Recyclers Shooed . | . . Parts Field Recycled . | . . Retrieved Matter . | . . Parts Self-Destructed . | . . Prevented . | . . Kills | -11 -10 ------- Run | Yrd Mat Combat Hostiles Destroyed 3 | . 3 Guns 3 | . 3 Classes Destroyed 1 | . 1 Grunt 3 | . 3 Best Kill Streak 3 | . 3 Combat Bots Only 3 | . 3 Max Kills in Single Turn 1 | . 1 Gunslinging . | . . Exploded . | . . Melee . | . . Uniques/NPCs Destroyed . | . . Combat | -11 -10 -------- Run | Yrd Mat Hostile Shots Fired 83 | . 83 Missed 22 | . 22 Damage Taken 831 | . 831 Core 265 | . 265 Absorbed by Shields . | . . Core Remaining (%) 100 | 100 . Volleys Fired 15 | . 15 Largest 2 | . 2 Hottest 60 | . 60 Shots Fired 26 | . 26 Gun 26 | . 26 Cannon . | . . Launcher . | . . Special . | . . Kinetic 15 | . 15 Thermal 11 | . 11 Explosive . | . . Electromagnetic . | . . Robot Hit Streak 5 | . 5 Robot Miss Streak 1 | . 1 Penetration Max . | . . Secondary Targets 1 | . 1 Max Gunslinging Chain 1 | . 1 Shots Hit Robots 19 | . 19 Core Hits 7 | . 7 Critical Kills . | . . Critical Parts Destroyed . | . . Critical Strikes . | . . Melee Attacks . | . . Impact . | . . Slashing . | . . Piercing . | . . Sneak Attacks . | . . Combat Hostiles . | . . Follow-up Attacks . | . . Damage Inflicted 244 | . 244 Guns 244 | . 244 Cannons . | . . Explosions . | . . Melee . | . . Ramming . | . . Kinetic 171 | . 171 Thermal 73 | . 73 Explosive . | . . Electromagnetic . | . . Impact . | . . Slashing . | . . Piercing . | . . Highest Corruption . | . . Average Corruption . | . . Corruption Purged . | . . Corruption Blocked . | . . Overload Shots . | . . Overflow Damage . | . . Projectiles . | . . Explosions . | . . Melee . | . . Knockbacks . | . . Impact . | . . Kinetic . | . . Secondary . | . . Self-Inflicted Damage . | . . Shots . | . . Rammed . | . . Targets Rammed . | . . Kicked . | . . Crushed . | . . Highest Temperature 190 | . 190 Average Temperature 99 | . 99 Received Heat Transfer 495 | . 495 Siege Activations . | . . Robots Corrupted . | . . Combat Hostiles . | . . Parts Fried . | . . Impact Corruptions . | . . Robots Melted . | . . Combat Hostiles . | . . Parts Melted . | . . Heat Transferred 175 | . 175 Parts Sabotaged . | . . Parts Stolen . | . . Parts Stripped . | . . Power Chain Reactions . | . . Alert | -11 -10 ------- Run | Yrd Mat Peak Influence 65 | . 65 Initial . | . . Average 8 | . 14 Maximum Alert Level . | . . Low Security (%) 100 | 100 100 Level 1 . | . . Level 2 . | . . Level 3 . | . . Level 4 . | . . Level 5 . | . . High Security . | . . Max Security . | . . Squads Dispatched . | . . Investigation . | . . Extermination . | . . Reinforcement . | . . Assault . | . . Garrison . | . . Intercept . | . . Searches Triggered . | . . Construction Impeded . | . . Haulers Reinforced . | . . Active Scanning Responses . | . . Cargo Convoy Interrupts . | . . Stealth | -11 -10 --------- Run | Yrd Mat Distress Signals . | . . Communications Jammed . | . . Distress Signals . | . . Times Spotted 8 | . 8 Peak Tracking Total 6 | . 6 Tactical Retreats . | . . Traps | -11 -10 ------- Run | Yrd Mat Traps Triggered . | . . Indirectly . | . . Trap Hack Attempts . | . . Triggered . | . . Disarmed . | . . Reprogrammed . | . . Reused . | . . Traps Extracted . | . . Installed . | . . Triggered . | . . Machines | -11 -10 ---------- Run | Yrd Mat Machines Disabled . | . . Max in Single Turn . | . . Machines Repaired . | . . Machines Dismantled . | . . Machines Sabotaged . | . . Overloaded Fab Kills . | . . Hacking | -11 -10 --------- Run | Yrd Mat Machines Accessed 1 | . 1 Terminals 1 | . 1 Fabricators . | . . Repair Stations . | . . Recycling Units . | . . Scanalyzers . | . . Garrison Access . | . . Total Hacks 1 | . 1 Successful 1 | . 1 Failed . | . . Catastrophic . | . . Database Lockouts . | . . Manual . | . . Terminals 1 | . 1 Fabricators . | . . Repair Stations . | . . Recycling Units . | . . Scanalyzers . | . . Garrison Access . | . . Terminal Hacks 1 | . 1 Dispatch Records 1 | . 1 Fabricator Hacks . | . . Repair Station Hacks . | . . Recycling Unit Hacks . | . . Scanalyzer . | . . Garrison Access Hacks . | . . Unauthorized Hacks . | . . Terminals . | . . Fabricators . | . . Repair Stations . | . . Recycling Units . | . . Scanalyzers . | . . Garrison Access . | . . Data Cores Recovered . | . . Used . | . . Hacking Detections . | . . Full Trace Events . | . . Feedback Events . | . . Feedback Blocked . | . . Robot Schematics Acquired . | . . Robots Built . | . . Authchips . | . . Time . | . . Total Robot Build Rating . | . . Part Schematics Acquired . | . . Parts Built . | . . Authchips . | . . Time . | . . Total Part Build Rating . | . . Parts Repaired . | . . Time . | . . Parts Recycled . | . . Recycled Matter . | . . Retrieved Matter . | . . Retrieved Components . | . . Parts Scanalyzed . | . . Part Schematics Acquired . | . . Parts Damaged . | . . Bothacking | -11 -10 ------------ Run | Yrd Mat Used RIF Installer . | . . Robots Hacked . | . . Non-combat . | . . Combat . | . . Robot Hacks Applied . | . . Relay Couplers Released . | . . Fabnet Peak Effective % . | . . Robots Rewired . | . . Allies Hacked . | . . Hacks Repelled . | . . Allies | -11 -10 -------- Run | Yrd Mat Total Allies . | . . Largest Group . | . . Highest-Rated Group . | . . Highest-Rated Ally . | . . Total Orders . | . . Ally Attacks . | . . Total Damage . | . . Kills . | . . Allies Corrupted . | . . Allies Melted . | . . Intel | -11 -10 ------- Run | Yrd Mat Robot Analysis Total . | . . Derelict Logs Recovered . | . . Drone Launches . | . . Drone Recoveries . | . . Exploration | -11 -10 ------------- Run | Yrd Mat Turns Passed 179 | 82 97 Spaces Moved 111 | 65 46 Core 18 | 18 . Treads . | . . Legs 77 | 37 40 Wheels 16 | 10 6 Hover . | . . Flight . | . . Fastest Speed 50 | 50 100 Average Speed 105 | 97 117 Slowest Speed 120 | 120 120 Overloaded Moves . | . . Propulsion Burnouts . | . . Robots Hopped . | . . Cave-ins Triggered . | . . Exploration Rate (%) 11 | 4 19 Regions Visited 1 Branch Regions . Pre-discovered Areas . | . . Known Exits Taken . | . . Unknown Exits Taken 1 | 1 . Scrap Searched . | . . Spaces Dug . | . . Terrain Destroyed . | . . Melee . | . . Projectile . | . . AOE . | . . Terrain Rammed . | . . Walls Destroyed . | . . Machines Disabled . | . . Actions | -11 -10 --------- Run | Yrd Mat Total 143 | 80 63 Wait 2 | 2 . Move 110 | 64 46 Hop . | . . Pick Up 6 | 6 . Fast Attach 5 | 5 . Attach 3 | 1 2 Detach . | . . Swap 2 | 2 . Drop . | . . Fire 15 | . 15 Melee . | . . Ram . | . . Kick . | . . Crush . | . . Escape Stasis . | . . Rewire . | . . Trap . | . . Miscellaneous . | . . Route ------- -11/Scrapyard -10/Materials History --------- Turn | Location | Event 15 | -11/Scrapyard | Discovered new exit (range 16) 83 | -11/Scrapyard | Entered Materials 149 | -10/Materials | Core integrity fell below 50% 177 | -10/Materials | Core integrity fell below 20% 180 | -10/Materials | Destroyed by G-47 Trooper with Particle Gun Last Messages --------------- view in and out. K-01 Serf collects debris. Critical hit (Burn: +37). G-34 Mercenary destroyed. Switching to secondary target: G-34 Mercenary. Lgt. Ion Engine destroyed. G-34 Mercenary destroyed. R-06 Scavenger collects Heat Sink. R-06 Scavenger collects Aluminum Leg. Aluminum Leg destroyed. R-06 Scavenger collects Sml. Laser. Aluminum Leg destroyed. R-06 Scavenger collects Aluminum Leg. Assault Rifle destroyed. R-06 Scavenger collects Aluminum Leg. Sml. Laser destroyed. R-06 Scavenger collects Sml. Laser. R-06 Scavenger collects Aluminum Leg. Assault Rifle destroyed. R-06 Scavenger destroyed. Map ----- +----------------------------------------------------+ | ?????????????????????????????????????????????????? | | ?????????????????????????????????????????????????? | | ?????????????????????????????????????????????????? | | ?????????????????????????????????????????????????? | | ?????????????????????????????????????????????????? | | ?????????????????????????????????????????????????? | | ?????????????????????????????????????????????????? | | ?????????????????????????????????????????????????? | | ?????????????????????????????????????????????????? | | ?????????????????????????????????????????????????? | | ?????????????????????????# ?????????????????????? | | ????????????????????????? ? ???????????????????? | | ????????????????????????? ?k#??????????????????? | | ????????????????????????? k #??????????????????? | | ????????????????????????? ####T##????????????? | | ????????????????????????? ^ ????????????? | | ????????????????????????# #???????????? | | ????????????????????????/o T ????????????? | | ?????????????#??????????# ?????????????? | | ?????????????# ?????????# ??????????????? | | ?????????????# ?????????# ???????????????? | | ?????????????# ?????????# w """???????????????? | | ??????#+###??# ?????????# """"???????????????? | | ??????# ?# ?????????# """"???????????????? | | ??????# # ##########* """""??????????????? | | ??????# # %g [%== @ """ ??????????????? | | ??????# + g !=! #???????????? | | ?????????????# g% = ! #???????????? | | ?????????????# ################# #???????????? | | ?????????????# #??????????##???????#???????????? | | ?????????????# #???????? #???????????????????? | | ?????????????# #?????? #???????????????????? | | ?????????????# #???? #???????????????????? | | ?????????????# #??[ #???????????????????? | | ?????????????# # ![ #???????????????????? | | ?????????????# + #???????????????????? | | ?????????????# # #???????????????????? | | ?????????????# ############????????????????????? | | ############## ???????????????????? | | ???????????????????? | | ???????????????????? | | ########## ????????????????????? | | ## ##+###########???????????????????????????????? | | ?# ## T #????????????????????????????????????? | | ?# ## #????????????????????????????????????? | | ?# ## """ #????????????????????????????????????? | | ?# ## """ #????????????????????????????????????? | | ?# ## """ #????????????????????????????????????? | | ?# ## #????????????????????????????????????? | | ? ########????????????????????????????????????? | +----------------------------------------------------+ Best States ------------- Heat Dissipation 25 Energy Generation 10 Energy Capacity 125 Matter Stores 262 Matter Capacity 300 Sight Range 16 Terrain Scan Density 10 Evasion (%) 55 Item Schematics ----------------- None Robot Schematics ------------------ None Fabricated ------------ Nothing Alien Tech Used ----------------- None Achievements -------------- None Challenges ------------ None Game ------ Seed AblativeFortressAccelerator Manual? 0 Play Time 00:06:28 Cumulative 0.2 hours Start 2024.04.12 @ 16:37:26 End 2024.04.12 @ 16:42:38 Sessions 1 Manual Loads 0 Difficulty Rogue Special Mode None Game No. 3 Rogue 3 Adventurer 0 Explorer 0 Win Type - Total 0 Types 0/0/0/0/0/0/0/0/0 Lore% 0 Gallery% 2 Achievement% 2 Wizard Run 0 Options --------- Layout 1 ASCII 0 Keyboard 0 Movement Numpad Keybinds 0 Fullscreen 1 Font 24/Smallcaps Map View 50x35 Zoom Use 0% Tactical HUD 0 Map Filters NONE Filters NONE Steam 1 RUN: 19f38799-688e-45c8-b283-ecc5b0c86e19